 Dungeon Sprint DCSS version 0.30-a0-51-g784eafce7f (webtiles) character file.

Game seed: 9580719135987813595

1012 Ankalagon the Martial Artist (level 7, 0/94 HPs)
             Began as a Demigod Transmuter on Sept 5, 2022.
             Succumbed to a water moccasin's poison
             ... in the Dungeon (Sprint II: "The Violet Keep of Menkaure").
             The game lasted 00:03:09 (708 turns).

Ankalagon the Martial Artist (Demigod Transmuter)    Turns: 708, Time: 00:03:10

Health: 0/94       AC: 23    Str: 11    XL:     7   Next: 69%
Magic:  13/13      EV:  2    Int: 19    God:
Gold:   729        SH:  0    Dex: 18    Spells: 4/10 levels left

rFire   . . .      SeeInvis .      - Unarmed
rCold   . . .      Faith    .    (no shield)
rNeg    . . .      Spirit   .    (body armour currently unavailable)
rPois   +          Reflect  .    (helmet currently unavailable)
rElec   .          Harm     .    (cloak currently unavailable)
rCorr   .          Rampage  .    (gloves currently unavailable)
Will    .....      NoTele   +    (boots currently unavailable)
Stlth   ++........               (no amulet)
HPRegen 0.25/turn                (no ring)
MPRegen 0.13/turn                (no ring)

@: lethally poisoned (0 -> -6), tree-form
A: stationary, stasis, torment immunity, boosted hp, high MP 1, forlorn, divine
attributes, no potion heal 1
a: no special abilities


You were in the Dungeon.
You were a tree.
You visited 1 branch You collected 729 gold pieces.

Inventory:

Armour
 a - a +0 robe (melded)
Scrolls
 h - a scroll of blinking
Potions
 e - a potion of haste
 f - 2 potions of magic


   Skills:
 + Level 6.2 Fighting
 + Level 6.3 Dodging
 + Level 10.2 Unarmed Combat
 - Level 2.1 Spellcasting
 - Level 7.9 Transmutations
 - Level 5.0 Poison Magic


You had 4 spell levels left.
You knew the following spells:

 Your Spells              Type           Power      Damage    Failure   Level
a - Beastly Appendage     Tmut           64%        N/A       1%          1
b - Wereblood             Tmut           32%        N/A       1%          2
c - Spider Form           Tmut/Pois      26%        N/A       3%          3

Your spell library contained the following spells:

 Spells                   Type           Power      Damage    Failure   Level
 Ice Form                 Ice/Tmut       17%        N/A       32%         4


Dungeon Overview and Level Annotations

Branches:
Dungeon (1/1)

Shops:
D !?=[[!:?!(![!

Annotations:
D exclusion: oklob plant


Innate Abilities, Weirdness & Mutations

You are a tree.
Your roots penetrate the ground, keeping you stationary.
You cannot be teleported.
You are immune to unholy pain and torment.
Your maximum health is greatly increased.
Your equipment is partially melded.
You have an increased reservoir of magic. (+10% MP)
You shall have no god before yourself.
Your divine heritage dramatically boosts your attributes as you level up.
Potions are less effective at restoring your health.


Message History

The water moccasin poisons you!
You barely miss the water moccasin.
The black bear growls angrily.
You headbutt the water moccasin.
The water moccasin is severely wounded.
You feel very sick. The water moccasin misses you.
You closely miss the water moccasin.
The water moccasin is severely wounded.
You feel very sick. The water moccasin barely misses you.
The water moccasin bites you.
You are lethally poisoned!
The water moccasin poisons you!
You barely miss the water moccasin. Your kick misses the water moccasin.
You headbutt the water moccasin, but do no damage.
The water moccasin is severely wounded.
You feel very sick. The water moccasin bites you!
* * * LOW HITPOINT WARNING * * *
Really quaff the potion of lignification?
Your horns disappear.
Your talons disappear.
You turn into a tree.
Your +0 robe melds into your body.
Your roots penetrate the ground.
* * * LOW HITPOINT WARNING * * *
You feel very sick.
The water moccasin bites you but does no damage.
You pummel the water moccasin!!
You kill the water moccasin!
* * * LOW HITPOINT WARNING * * *
You feel very sick.
Your Fighting skill increases to level 6!
There is a lethal amount of poison in your body!
There is a lethal amount of poison in your body!
* * * LOW HITPOINT WARNING * * *
You feel very sick.
* * * LOW HITPOINT WARNING * * *
You feel sick.
* * * LOW HITPOINT WARNING * * *
You feel sick.
You die...

#'' ########~~~... ...
.∩.....#~~~~.##+ #..
∩.∩....#~~~~##.# #.####
.∩.....#~~~ #..## ....#
..∩.∩..#~~####..# ###..#
...∩.⌠.#~##.###+# #.##..
..∩.∩..#~#...##.###..#..
.∩.∩...♣~+.#)+.<.'##.+..
∩.∩....#†#...##.##.#.#..
▓▓▓▓▓###~##.###+###.##..
Hh######~~###


B#B ###~~. hh ##~~~#.. .. ~§~ P #'#~##. .## ~§§ #)#~~## ## ~≈≈≈ ####~~~ §≈ +++#+
You could see an oklob plant, a manticore and 3 black bears.

Vanquished Creatures
  A merfolk siren (D)
  4 neqoxecs (D)
  A vampire mosquito (D)
  A water moccasin (D)
  3 worms (D)
10 creatures vanquished.

Vanquished Creatures (others)
  Menkaure (D)
  A water moccasin (D)
  A spectral adder (D)
3 creatures vanquished.

Grand Total: 13 creatures vanquished

Notes
Turn   | Place    | Note
-------+----------+-------------------------------------------
     0 | D        | Ankalagon the Demigod Transmuter began the quest for the
                  | Orb.
     0 | D        | Reached XP level 1. HP: 15/15 MP: 5/5
    12 | D        | Reached skill level 1 in Fighting
    18 | D        | Reached skill level 3 in Unarmed Combat
    64 | D        | Killed a water moccasin
   116 | D        | Killed Menkaure
   236 | D        | Noticed a neqoxec
   236 | D        | Noticed a neqoxec
   240 | D        | Noticed a neqoxec
   243 | D        | Killed a neqoxec
   244 | D        | Reached skill level 6 in Unarmed Combat
   244 | D        | Reached XP level 2. HP: 23/23 MP: 5/7
   244 | D        | Reached XP level 3. HP: 28/28 MP: 5/8
   244 | D        | Reached XP level 4. HP: 35/35 MP: 5/9
   248 | D        | Killed a neqoxec
   249 | D        | Reached skill level 8 in Unarmed Combat
   249 | D        | Reached XP level 5. HP: 40/40 MP: 5/10
   260 | D        | Learned a level 2 spell: Wereblood
   264 | D        | Learned a level 3 spell: Spider Form
   287 | D        | Gained mutation: Potions are less effective at restoring
                  | your health. [a neqoxec]
   296 | D        | Killed a neqoxec
   297 | D        | Reached XP level 6. HP: 12/50 MP: 8/12
   552 | D        | Noticed a boulder beetle
   552 | D        | Noticed a boulder beetle
   555 | D        | Noticed a merfolk siren
   567 | D        | Killed a merfolk siren
   568 | D        | Reached skill level 5 in Dodging
   568 | D        | Reached skill level 9 in Unarmed Combat
   568 | D        | Reached XP level 7. HP: 60/60 MP: 6/13
   572 | D        | Found Zoifap's Distillery.
   572 | D        | Found Taudod's Antique Weapon Boutique.
   572 | D        | Found Huima's Antique Armour Boutique.
   573 | D        | Noticed a neqoxec
   573 | D        | Found Viekiff's Distillery.
   573 | D        | Found Pogiam's Magic Scroll Boutique.
   573 | D        | Found Plog's Book Shop.
   573 | D        | Found Vorhelec's Distillery.
   579 | D        | Killed a neqoxec
   580 | D        | Reached skill level 5 in Fighting
   580 | D        | Reached skill level 5 in Poison Magic
   661 | D        | Found Hooskuakk's Antique Armour Boutique.
   661 | D        | Found Rucuc's Jewellery Shop.
   663 | D        | Found Zeos's Distillery.
   663 | D        | Found Gempasic's Antique Armour Boutique.
   680 | D        | Reached skill level 10 in Unarmed Combat
   687 | D        | Found Loyson's Magic Scroll Boutique.
   687 | D        | Found Ruptolug's Distillery.
   687 | D        | Noticed an oklob plant
   687 | D        | Noticed a manticore
   689 | D        | Noticed a manticore
   706 | D        | HP: 4/94 [poisoned by a water moccasin]
   708 | D        | Succumbed to a water moccasin's poison

Illustrated notes

Levels and vault maps discovered:
D:        the_violet_keep_of_menkaure [sprint2_stairs_cluster_1,
          sprint2_shoproom, sprint2_temple, sprint2_basic_supplies,
          sprint2_obstacle_5, sprint2_obstacle_7, sprint2_obstacle_3,
          sprint2_obstacle_6, sprint2_obstacle_4, sprint2_timed_cluster_1,
          sprint2_smallroom_cluster_1, sprint2_smallroom_final_cluster_1,
          sprint2_transparent_cluster_1, sprint2_second_timed_cluster_1,
          sprint2_sniper_area_1, sprint2_heavy_combat_area_1,
          sprint2_mutation_trap_area_1, sprint2_forest_area_1,
          sprint2_light_combat_area_1, sprint2_behind_water_1,
          sprint2_near_end_vault_1]

Skill      XL: |  1  2  3  4  5  6  7 |
---------------+----------------------+-----
Fighting       | 1 2 4 6 |  6.2
Dodging        | 2 3 5 6 |  6.3
Spellcasting   | 2 |  2.1
Transmutations | 6 7 |  7.9
Unarmed Combat | 6 8 9 10 | 10.2
Poison Magic   | 2 4 5 |  5.0

Action                   |  1- 3 |  4- 6 |  7- 9 || total
-------------------------+-------+-------+-------++-------
Melee: Unarmed           |    16 |    22 |    35 ||    73
       Kick              |     5 |     2 |     1 ||     8
       Headbutt          |     2 |     3 |     3 ||     8
       Punch             |       |     1 |     2 ||     3
 Cast: Beastly Appendage |     2 |     1 |     1 ||     4
       Spider Form       |       |     2 |     1 ||     3
       Wereblood         |       |     2 |       ||     2
  Use: Potion            |     1 |     1 |     2 ||     4
Armor: Robe              |       |     1 |       ||     1
       Skin              |       |       |     1 ||     1
Dodge: Dodged            |     5 |     2 |    26 ||    33

Table legend: (Time is in decaauts)
 A = Elapsed time spent in this place.
 B = Non-inter-level travel time spent in this place.
 C = Inter-level travel time spent in this place.
 D = Time resting spent in this place.
 E = Time spent auto-exploring this place.
 F = Levels seen in this place.
 G = Mean time per level.
                   A        B        C        D        E       F      G
               +--------+--------+--------+--------+--------+-----+--------+
         Total |    712 |    712 |      0 |    518 |      0 |   1 |  712.0 |
       Dungeon |    712 |    712 |      0 |    518 |      0 |   1 |  712.0 |
               +--------+--------+--------+--------+--------+-----+--------+

Top non-repeatable levels by time:
       D: 712 daAuts
